 Dungeon Crawl Stone Soup version 0.31-a0-426-g3a05650e59 (webtiles) character file.

Game seed: 14079107985348194096

88 hashsling the Cudgeller (level 4, -4/28 HPs)
             Began as a Gargoyle Gladiator on July 30, 2023.
             Killed from afar by Terence (9 damage)
             ... with a puff of flame
             ... on level 2 of the Dungeon.
             The game lasted 00:04:50 (1688 turns).

hashsling the Cudgeller (Gargoyle Gladiator)        Turns: 1688, Time: 00:04:50

Health: -4/28      AC:  7    Str: 19    XL:     4   Next: 53%
Magic:  4/4        EV: 12    Int: 15    God:
Gold:   38         SH:  0    Dex: 11    Spells: 3/3 levels left

rFire   . . .        a - +0 flail
rCold   + . .        (no shield)
rNeg    + . .        b - +0 leather armour
rPois   ∞            c - +0 helmet
rElec   +            (no cloak)
rCorr   .            (no gloves)
SInv    .            (no boots)
Will    .....        k - amulet of faith
Stlth   +            g - ring of protection from cold
HPRegen 0.24/turn    m - +6 ring of intelligence
MPRegen 0.09/turn

%: faith
@: no status effects
A: sickness immunity, AC +3, negative energy resistance 1, electricity
resistance, torment resistance 1, petrification resistance
a: no special abilities


You were on level 2 of the Dungeon.
You visited 1 branch of the dungeon, and saw 2 of its levels.

You collected 38 gold pieces.

Inventory:

Hand Weapons
 a - a +0 flail (weapon)
Armour
 b - a +0 leather armour (worn)
 c - a +0 helmet (worn)
Jewellery
 g - a ring of protection from cold (left hand)
 k - an amulet of faith (around neck)
 m - a +6 ring of intelligence (right hand)
 p - a ring of fire
Scrolls
 f - 2 scrolls of poison {unknown}
 h - 2 scrolls of identify
 i - 2 scrolls of blinking
 j - 2 scrolls of teleportation {unknown}
 n - a scroll of vulnerability {unknown}
 r - a scroll of fear {unknown}
 s - a scroll of fog {unknown}
Potions
 l - a potion of curing
 o - a potion of might {unknown}


   Skills:
 + Level 3.4 Fighting
 + Level 4.0 Maces & Flails
 + Level 1.8 Throwing
 - Level 3.0 Dodging


You had 3 spell levels left.
You didn't know any spells.
Your spell library was empty.

Dungeon Overview and Level Annotations

Branches:
Dungeon (2/15)

Altars:
Ashenzari

Shops:
D:2 *

Annotations:
D:2 Terence


Innate Abilities, Weirdness & Mutations

You are immune to sickness and miasma.
Your stone body is resilient. (AC +3)
You are immune to poison.
You resist negative energy. (rN+)
You are resistant to electric shocks. (rElec)
You are resistant to unholy torment.
You are immune to petrification.


Message History

You hit Terence but do no damage.
Terence is heavily wounded.
Terence hits you but does no damage.
You hit Terence.
Terence is heavily wounded.
Terence zaps a wand.
The puff of flame hits you but does no damage.
Throw: 3 throwing nets
Press: ? - help, Q - select action Shift-Dir - straight line, f/p - Terence
Aim: Terence, wielding a +0 flail, wearing a +0 scale mail and carrying a wand of flame (heavily wounded, 56% to hit)
You throw a throwing net. The throwing net barely misses Terence.
Terence hits you with a +0 flail.
Throw: 2 throwing nets
Press: ? - help, Q - select action Shift-Dir - straight line, f/p - Terence
Aim: Terence, wielding a +0 flail, wearing a +0 scale mail and carrying a wand of flame (heavily wounded, 56% to hit)
You throw a throwing net.
The throwing net closely misses Terence.
Terence closely misses you.
Throw: throwing net
Press: ? - help, Q - select action Shift-Dir - straight line, f/p - Terence
Aim: Terence, wielding a +0 flail, wearing a +0 scale mail and carrying a wand of flame (heavily wounded, 56% to hit)
You throw a throwing net. The throwing net hits Terence.
Terence is caught in the net!
Terence is heavily wounded.
Terence struggles against the net.
You hit Terence.
Terence is severely wounded.
Terence zaps a wand.
The puff of flame hits you.
* * * LOW HITPOINT WARNING * * *
Terence struggles against the net.
You hit Terence.
Terence is severely wounded.
You hit Terence but do no damage.
Terence is severely wounded.
Terence struggles against the net.
You hit Terence.
Terence is severely wounded.
Terence struggles against the net.
Terence zaps a wand.
The puff of flame hits you!
You die...

#....#....######..
#.###.........#... #
#.........#^..
#.........#...
#####.............
#.............#...
#....#.....####...
###.....####.# #....
#..@.........# #....
#.@.....#####.......
#...._..... ......
.(.>......... ....#
###.#.......!.
#...........
###.........
#........


You could see Terence (caught).

Vanquished Creatures
  Robin (D:2)
  An adder (D:2)
  A gnoll (D:1)
  3 dart slugs (D:1)
  3 ball pythons
  4 bats
  5 endoplasms
  12 goblins
  8 hobgoblins
  3 frilled lizards
  A kobold (D:2)
  4 rats (D:1)
46 creatures vanquished.

Notes
Turn   | Place    | Note
-------+----------+-------------------------------------------
     0 | D:1      | hashsling the Gargoyle Gladiator began the quest for the
                  | Orb.
     0 | D:1      | Reached XP level 1. HP: 12/12 MP: 1/1
   196 | D:1      | Reached XP level 2. HP: 17/18 MP: 2/2
   316 | D:1      | Reached XP level 3. HP: 23/23 MP: 3/3
   359 | D:1      | Found a faded altar of an unknown god.
  1233 | D:2      | Noticed Robin
  1239 | D:2      | Reached XP level 4. HP: 28/28 MP: 4/4
  1264 | D:2      | Killed Robin
  1308 | D:2      | Reached skill level 4 in Maces & Flails
  1493 | D:2      | Found Kusumap's General Store.
  1668 | D:2      | Found a broken altar of Ashenzari.
  1671 | D:2      | Noticed Terence
  1688 | D:2      | Killed from afar by Terence

Illustrated notes

Levels and vault maps discovered:
D:1:      lemuel_arrival_river_ford, layout_basic, serial_forest,
          infiniplex_forest_straight_3, infiniplex_forest_clump_curved,
          infiniplex_forest_straight_5, infiniplex_forest_pool,
          infiniplex_forest_clump_C, infiniplex_forest_lined_1,
          infiniplex_forest_lined_room_3, infiniplex_forest_side_room,
          infiniplex_forest_clump_C, hellmonk_ecumenical_altar_defaced_shrine,
          chequers_serial_rivers_micro_b, patterned_corridor
D:2:      layout_basic, serial_shops, nicolae_shop_hallway_plus, basic_altar,
          uniq_robin, uniq_terence

Skill      XL: |  1  2  3  4 |
---------------+-------------+-----
Fighting       | 3 |  3.4
Dodging        | 3 |  3.0
Maces & Flails | 4 |  4.0
Throwing       | |  1.8

Action                     |  1- 3 |  4- 6 || total
---------------------------+-------+-------++-------
  Melee: Flail             |    70 |    37 ||   107
         Punch             |     1 |       ||     1
  Throw: Dart              |       |     4 ||     4
         Throwing net      |       |     3 ||     3
         Javelin           |       |     1 ||     1
    Use: Scroll            |       |     2 ||     2
 Armour: Leather armour    |    35 |    28 ||    63
  Dodge: Dodged            |    44 |    31 ||    75

Table legend: (Time is in decaauts)
 A = Elapsed time spent in this place.
 B = Non-inter-level travel time spent in this place.
 C = Inter-level travel time spent in this place.
 D = Time resting spent in this place.
 E = Time spent auto-exploring this place.
 F = Levels seen in this place.
 G = Mean time per level.
                   A        B        C        D        E       F      G
               +--------+--------+--------+--------+--------+-----+--------+
         Total |   1716 |   1618 |     98 |      0 |   1308 |   2 |  858.0 |
       Dungeon |   1716 |   1618 |     98 |      0 |   1308 |   2 |  858.0 |
               +--------+--------+--------+--------+--------+-----+--------+

Top non-repeatable levels by time:
     D:1: 1209 daAuts
     D:2: 506 daAuts
